 Dungeon Crawl Stone Soup version 0.20.1-1-g8b1a95d (webtiles) character file.

110 Minstaer the Shooter (level 4, -2/35 HPs)
             Began as a Centaur Arcane Marksman on Nov 4, 2017.
             Shot with a stone by a goblin (3 damage)
             ... on level 3 of the Dungeon.
             The game lasted 00:20:07 (2541 turns).

Minstaer the Shooter (Centaur Arcane Marksman)      Turns: 2541, Time: 00:20:08

Health: -2/35      AC:  4    Str: 13    XL:     4   Next: 61%
Magic:  6/6        EV:  9    Int: 12    God:
Gold:   89         SH:  0    Dex: 10    Spells: 2/6 levels left

rFire    . . .     SeeInvis .   b - +0 mace
rCold    . . .     Gourm    .   (no shield)
rNeg     . . .     Faith    .   e - +0 robe
rPois    .         Spirit   .   (no helmet)
rElec    .         Reflect  .   (no cloak)
rCorr    .         Harm     .   (no gloves)
MR       .....                  (no barding)
Stlth    +.........             (no amulet)
Regen    0.2/turn               (no ring)
MPRegen  0.1/turn               (no ring)

@: very quick
A: hooves 3, deformed body, speed 2, tough skin 3
a: no special abilities


You were on level 3 of the Dungeon.
You were not hungry.

You visited 1 branch of the dungeon, and saw 3 of its levels.

You collected 89 gold pieces.

Inventory:

Hand Weapons
 a - a +0 shortbow
 b - a +0 mace (weapon)
 m - a +0 hunting sling
Missiles
 d - 14 arrows
 j - 32 stones (quivered)
 r - 23 sling bullets
 x - 2 javelins
Armour
 e - a +0 robe (worn)
 n - a +0 ring mail
 o - a +0 leather armour
Magical Staves
 v - an uncursed staff of wizardry
Jewellery
 l - an uncursed ring of magical power {unknown}
 y - a cursed ring of loudness {unknown}
Scrolls
 i - 2 scrolls of identify
 k - 2 scrolls of fog
 q - a scroll of remove curse {unknown}
 s - a scroll of magic mapping {unknown}
 t - a scroll of teleportation {unknown}
 u - a scroll of enchant armour {unknown}
Potions
 g - a potion of cancellation {unknown}
 h - a potion of invisibility {unknown}
 p - 2 potions of curing {unknown}
Books
 c - a book of Debilitation

   Spells                             Type                      Level
   a - Corona                         Hexes                        1
   b - Slow                           Hexes                        2
   c - Inner Flame                    Hexes/Fire                   3
   d - Portal Projectile              Hexes/Translocation          3
   e - Cause Fear                     Hexes                        4
   f - Leda's Liquefaction            Hexes/Earth                  4
Comestibles
 f - a bread ration
 w - 2 chunks of flesh


   Skills:
 - Level 1.0 Fighting
 - Level 4.0 Bows
 - Level 1.3 Dodging
 + Level 1.8 Spellcasting
 + Level 3.3 Hexes
 * Level 1.7 Translocations


You had 2 spell levels left.
You knew the following spells:

 Your Spells              Type           Power        Failure   Level  Hunger
a - Corona                Hex            #......      7%          1    ##.....
b - Portal Projectile     Hex/Tloc       #.....       28%         3    ####...


Dungeon Overview and Level Annotations

Branches:
Dungeon (3/15)

Altars:
Gozag

Annotations:
D:2 Natasha


Innate Abilities, Weirdness & Mutations

You have hooves in place of feet.
Armour fits poorly on your strangely shaped body.
You cover ground very quickly.
You have extremely tough skin. (AC +3)


Message History

You closely miss the ball python. The adder bites you but does no damage.
The ball python barely misses you. The adder bites you.
* * * LOW HITPOINT WARNING * * *
The ball python bites you but does no damage.
You sock the ball python!
You kill the ball python!
You feel sick.
You are no longer poisoned.
The adder bites you but does no damage. The adder completely misses you.
You see here a ball python corpse.
A goblin comes into view.
The goblin shouts!
The goblin wields a hunting sling.
The goblin shoots a stone.
The stone closely misses you.
You see here a stone.
The goblin shoots a stone.
The stone hits you.
* * * LOW HITPOINT WARNING * * *
You see here a stone.
The goblin shoots a stone.
The stone hits you.
You die...

## #g ####### #. ####
#.....# #. ..# #.....#
###. #.# #.....#
#...######.###.....#
#...†.....#.....#
#.###..r#.#.....#######
#>......S(S.@..........
######....#.....#######
######.....##### ..
#####.....# ... #.g...#
... ##.....# ..?..
#<.....# ....#.#......#
.............#


You could see 2 adders, a quokka and a goblin.

Vanquished Creatures
  Natasha (D:2)
  4 adders
  2 oozes
  2 worms (D:2)
  A dart slug (D:1)
  A giant cockroach (D:1)
  4 goblins
  4 hobgoblins (D:1)
  7 kobolds
  A ball python (D:3)
  5 bats
  A frilled lizard (D:1)
  6 rats
39 creatures vanquished.

Notes
Turn   | Place    | Note
-------+----------+-------------------------------------------
     0 | D:1      | Minstaer the Centaur Arcane Marksman began the quest for the Orb.
     0 | D:1      | Reached XP level 1. HP: 16/16 MP: 2/2
    27 | D:1      | Reached skill level 3 in Bows
    98 | D:1      | Reached XP level 2. HP: 21/23 MP: 3/3
  1026 | D:1      | Reached skill level 4 in Bows
  1026 | D:1      | Reached XP level 3. HP: 25/28 MP: 4/4
  1113 | D:1      | Learned a level 3 spell: Portal Projectile
  1550 | D:2      | Reached skill level 1 in Translocations
  1952 | D:2      | Noticed Natasha
  2099 | D:2      | Reached XP level 4. HP: 35/35 MP: 1/6
  2382 | D:2      | Found an opulent altar of Gozag.
  2391 | D:2      | Killed Natasha
  2471 | D:2      | Noticed Natasha
  2539 | D:3      | HP: 1/35 [goblin/stone (3)]
  2541 | D:3      | Shot with a stone by a goblin

Skill      XL: |  1  2  3 |
---------------+----------+-----
Bows           | 3 4 |  4.0
Hexes          | 3 |  3.3
Translocations | 1 |  1.7
Fighting       | |  1.0
Dodging        | |  1.3
Spellcasting   | |  1.8

Action                   |  1- 3 |  4- 6 || total
-------------------------+-------+-------++-------
Melee: Mace              |    91 |    28 ||   119
       Kick              |    14 |     2 ||    16
 Fire: Shortbow          |    19 |     7 ||    26
 Cast: Portal Projectile |     4 |     1 ||     5
  Use: Scroll            |       |     1 ||     1
  Eat: Chunk             |     2 |       ||     2
       Bread ration      |       |     1 ||     1
Armor: Robe              |    34 |    25 ||    59
       Leather armour    |     1 |       ||     1
Dodge: Dodged            |    58 |    33 ||    91
